 Dungeon Crawl Stone Soup version 0.20.0-8-g6b59dc7 (webtiles) character file.

24490 Monsterracer the Severer (level 13, -5/119 HPs)
             Began as a Hill Orc Fighter on May 30, 2017.
             Was a Follower of Uskayaw.
             Slain by an apocalypse crab (9 damage)
             ... on level 1 of the Abyss.
             The game lasted 00:26:33 (14044 turns).

Monsterracer the Severer (Hill Orc Fighter)        Turns: 14044, Time: 00:26:34

Health: -5/119     AC: 20    Str: 20      XL:     13   Next: 13%
Magic:  21/21      EV: 11    Int:  5 (8)  God:    Uskayaw [*.....]
Gold:   811        SH:  0    Dex: 13 (14) Spells: 10/12 levels left

rFire    . . .     SeeInvis +   a - +0 war axe
rCold    + . .     Gourm    .   y - +0 buckler
rNeg     . . .     Faith    .   e - +0 chain mail
rPois    .         Spirit   .   p - +2 hat
rElec    .         Reflect  +   (no cloak)
rCorr    .         Harm     .   t - +0 pair of gloves
MR       .....                  c - +1 pair of boots
Stlth    ..........             l - +6 amulet of reflection
Regen    0.3/turn               E - +2 ring of protection
MPRegen  0.2/turn               C - ring of see invisible

@: confused, about to teleport
A: rugged brown scales 1, [blurry vision 2], cold resistance 1, [deterioration
2], mutation resistance 1, wild magic 1
a: Stomp, Renounce Religion


You were on level 1 of the Abyss.
You worshipped Uskayaw.
Uskayaw was aware of your devotion.
You were very hungry.

You visited 3 branches of the dungeon, and saw 14 of its levels.
You visited the Abyss 1 time.

You collected 811 gold pieces.

Inventory:

Hand Weapons
 a - a +0 war axe (weapon)
 r - a +0 flail
Armour
 c - a +1 pair of boots (worn)
 e - a +0 chain mail (worn)
 p - a +2 hat (worn)
 t - a +0 pair of gloves (worn)
 y - a +0 buckler (worn)
Jewellery
 l - a +6 amulet of reflection (around neck)
 C - a ring of see invisible (right hand)
 D - an uncursed amulet of the gourmand
 E - a +2 ring of protection (left hand)
Wands
 F - a wand of lightning (8/15)
Scrolls
 h - 2 scrolls of enchant weapon
 i - 10 scrolls of remove curse
 k - 7 scrolls of identify
 u - a scroll of fear
 x - a scroll of amnesia
Potions
 b - 2 potions of cancellation
 g - 2 potions of resistance
 m - 4 potions of curing
 n - 2 potions of mutation
 s - 2 potions of invisibility
 w - a potion of might
 z - a potion of agility
 B - a potion of haste
Comestibles
 d - 10 meat rations
 f - 6 bread rations
 j - 10 fruits
 o - 4 royal jellies


   Skills:
 + Level 11.0 Fighting
 - Level 16.2 Axes
 + Level 10.4 Armour
 + Level 7.2 Dodging
 - Level 3.2 Shields
 + Level 11.1 Invocations


You had 10 spell levels left.
You knew the following spells:

 Your Spells              Type           Power        Failure   Level  Hunger
a - Blink                 Tloc           N/A          100%        2    ###....


Dungeon Overview and Level Annotations

Branches:
Dungeon (9/15)             Temple (1/1) D:4            Lair (4/6) D:9
 Shoals (0/4) Lair:2        Snake (0/4) Lair:4
    Orc: D:9-12

Altars:
Ashenzari
Cheibriados
Dithmenos
Elyvilon
Fedhas
Gozag
Hepliaklqana
Kikubaaqudgha
Makhleb
Nemelex Xobeh
Okawaru
Qazlal
Ru
Sif Muna
Trog
Uskayaw
Vehumet
Xom
Yredelemnul
Zin
The Shining One
Beogh

Shops:
D:9 *

Annotations:
Lair:1 exclusion: 3 oklob plants
Lair:4 Sonja


Innate Abilities, Weirdness & Mutations

You are partially covered in rugged brown scales. (AC +1, +3% HP)
Your flesh is cold resistant. (rC+)
You are somewhat resistant to further mutation.
Your spells are a little harder to cast, but a little more powerful.
[Scrolls take you longer to read.]
[Your body often deteriorates upon taking damage.]


Message History

The apocalypse crab bites you but does no damage.
The apocalypse crab claws you but does no damage.
The tentacled starspawn bites you!!
* * * LOW HITPOINT WARNING * * *
Your body deteriorates!
You feel clumsy.
The tentacled starspawn engulfs you but does no damage.
You turn to flesh and can move again.
Unknown command.
Unknown command.
Unknown command.
Unknown command.
You are confused.
You feel invigorated.
You are engulfed in noxious fumes.
You choke on the stench!
You are more confused.
* * * LOW HITPOINT WARNING * * *
The large abomination hits you!
* * * LOW HITPOINT WARNING * * *
The apocalypse crab bites you!
You die...

. # . #..##. ...
. ...# #.##.#...
... . #. .#
##.#... ...#.
#..###..#...#
.#### #
#.##..#....## #.
#........#. .#
...#...k...##
###.#t#...# #.#
.#.@X###..
#.....X#...##.#
.
....#..####?.##.
#.#..##.#. .##.
# # ##. ##.. .
#. . #.#. . #
..#. ## . ..


You could see a tentacled starspawn, a death drake, an apocalypse crab and a
large abomination.

Vanquished Creatures
  Gastronok (D:8)
  A catoblepas (Lair:2)
  A queen ant (Lair:3)
  The ghost of stringdemon the Grappler, a journeyman VSTm of Vehumet (D:9)
  A skeletal warrior (D:9)
  A wretched star (Abyss:1)
  The ghost of PeterLawrence the Basher, a novice MiFi of Okawaru (D:6)
  A necromancer (D:9)
  5 elephants
  A black mamba (Lair:3)
  4 spiny frogs
  A rime drake (Lair:3)
  2 komodo dragons (Lair:1)
  A polar bear (Lair:2)
  A troll (D:9)
  4 blink frogs (Lair:1)
  Sigmund (D:3)
  4 hippogriffs
  4 flying skulls (D:9)
  4 shadows (D:9)
  4 wraiths
  20 yaks
  A ynoxinul (Abyss:1)
  2 wyverns
  A golden eye (Abyss:1)
  3 basilisks
  2 nagas (Lair:4)
  7 soldier ants (Lair:3)
  5 porcupines
  3 water moccasins
  4 orc warriors
  An ice beast (D:8)
  A sky beast (D:7)
  8 wolves
  7 ogres
  2 centaurs (Lair:2)
  3 crocodiles
  7 bullfrogs
  A gnoll sergeant (D:9)
  A water moccasin zombie (D:9)
  2 scorpions
  A water moccasin skeleton (D:7)
  6 killer bees (D:9)
  An electric eel (D:8)
  5 wights (D:9)
  2 howler monkeys (D:7)
  2 crimson imps
  2 orc priests
  A centaur zombie (D:7)
  4 jellies
  A gnoll shaman (D:6)
  A bullfrog zombie (D:6)
  8 hounds
  2 centaur skeletons (D:9)
  8 orc wizards
  Jessica (D:3)
  5 bullfrog skeletons
  2 iguanas
  28 worker ants
  2 killer bee zombies
  3 hound zombies (D:9)
  4 hound skeletons
  A worker ant zombie (D:9)
  A howler monkey zombie (D:9)
  A howler monkey skeleton (D:9)
  13 gnolls
  13 adders
  2 shadow imps
  2 oozes (D:1)
  5 adder skeletons
  4 worms
  A dart slug (D:2)
  5 leopard geckos
  44 orcs
  4 ball pythons
  A giant cockroach (D:8)
  8 goblins
  10 hobgoblins
  8 jackals
  4 quokkas
  4 bats
  8 frilled lizards
  11 kobolds
  A leopard gecko skeleton (D:6)
  A quokka skeleton (D:8)
  2 rats
368 creatures vanquished.

Vanquished Creatures (collateral kills)
  A bullfrog (Lair:3)
1 creature vanquished.

Vanquished Creatures (others)
  A centaur (Lair:2)
  7 fungi (D:9)
  9 plants
  2 starspawn tentacles (Abyss:1)
19 creatures vanquished.

Grand Total: 388 creatures vanquished

Notes
Turn   | Place    | Note
-------+----------+-------------------------------------------
     0 | D:1      | Monsterracer the Hill Orc Fighter began the quest for the Orb.
     0 | D:1      | Reached XP level 1. HP: 19/19 MP: 1/1
   107 | D:1      | Reached skill level 3 in Axes
   110 | D:1      | Reached XP level 2. HP: 24/26 MP: 2/2
   359 | D:1      | Reached skill level 4 in Axes
   695 | D:1      | Reached XP level 3. HP: 29/31 MP: 3/3
  1034 | D:2      | Reached skill level 5 in Axes
  1177 | D:2      | Found a blossoming altar of Fedhas.
  1298 | D:2      | Reached XP level 4. HP: 39/39 MP: 4/4
  1655 | D:2      | Reached skill level 6 in Axes
  1806 | D:3      | Noticed Jessica
  1816 | D:3      | Killed Jessica
  1816 | D:3      | Reached XP level 5. HP: 43/45 MP: 5/5
  1935 | D:3      | Reached skill level 7 in Axes
  1951 | D:3      | Noticed Sigmund
  1959 | D:3      | Killed Sigmund
  1959 | D:3      | Reached skill level 8 in Axes
  1959 | D:3      | Reached XP level 6. HP: 51/51 MP: 6/6
  2130 | D:3      | Reached skill level 9 in Axes
  2217 | D:4      | Reached XP level 7. HP: 54/57 MP: 7/7
  2249 | D:4      | Gained mutation: You are partially covered in thin metallic scales. (AC +2) [potion of mutation]
  2249 | D:4      | Gained mutation: Your muscles are strong. (Str +2) [potion of mutation]
  2298 | D:4      | Found a staircase to the Ecumenical Temple.
  2336 | Temple   | Entered the Ecumenical Temple
  2352 | Temple   | Became a worshipper of Uskayaw the Reveler
  2616 | D:4      | Reached * piety under Uskayaw
  2619 | D:4      | Reached ** piety under Uskayaw
  2702 | D:4      | Reached skill level 10 in Axes
  3038 | D:4      | Reached skill level 1 in Invocations
  3199 | D:5      | Entered Level 5 of the Dungeon
  3700 | D:5      | Reached *** piety under Uskayaw
  3829 | D:6      | Reached **** piety under Uskayaw
  4036 | D:6      | Reached skill level 1 in Dodging
  4036 | D:6      | Reached XP level 8. HP: 62/66 MP: 9/9
  4104 | D:6      | Learned a level 2 spell: Blink
  4107 | D:6      | Learned a level 1 spell: Magic Dart
  4183 | D:6      | Reached skill level 11 in Axes
  4270 | D:6      | Noticed PeterLawrence's ghost (novice MiFi)
  4286 | D:6      | Killed PeterLawrence's ghost
  4648 | D:6      | Reached skill level 5 in Fighting
  5241 | D:7      | Reached XP level 9. HP: 68/74 MP: 11/11
  5439 | D:7      | Reached skill level 5 in Armour
  5524 | D:7      | Reached skill level 12 in Axes
  5847 | D:8      | Noticed Gastronok
  5876 | D:8      | Reached ***** piety under Uskayaw
  5902 | D:8      | HP: 2/75 [Gastronok (6)]
  5903 | D:8      | Killed Gastronok
  5903 | D:8      | Reached skill level 13 in Axes
  5903 | D:8      | Reached skill level 5 in Invocations
  5903 | D:8      | Reached XP level 10. HP: 2/86 MP: 1/14
  7000 | D:8      | Found a bloodstained altar of Trog.
  7042 | D:9      | Noticed stringdemon's ghost (journeyman VSTm)
  7541 | D:9      | Killed stringdemon's ghost
  7742 | D:9      | Reached skill level 14 in Axes
  7828 | D:9      | Found Axerr's Elemental Accessories.
  8030 | D:9      | Noticed a necromancer
  8147 | D:9      | Killed a necromancer
  8147 | D:9      | Reached XP level 11. HP: 40/94 MP: 16/16
  8528 | D:9      | Reached skill level 5 in Dodging
  8791 | D:9      | Reached skill level 15 in Axes
  8858 | D:9      | Found a staircase to the Lair.
  8859 | D:9      | Noticed a skeletal warrior
  8978 | D:9      | Found a roughly hewn altar of Beogh.
  9656 | D:9      | Killed a skeletal warrior
  9935 | Lair:1   | Entered Level 1 of the Lair of Beasts
 10497 | Lair:1   | Noticed an oklob plant
 10497 | Lair:1   | Noticed an oklob plant
 10497 | Lair:1   | Noticed an oklob plant
 10584 | Lair:1   | Reached XP level 12. HP: 101/104 MP: 18/18
 10970 | Lair:1   | Reached skill level 16 in Axes
 11164 | Lair:2   | Found a staircase to the Shoals.
 11765 | Lair:2   | Noticed a catoblepas
 11780 | Lair:2   | Killed a catoblepas
 12125 | Lair:3   | Reached skill level 10 in Fighting
 12133 | Lair:3   | Reached skill level 10 in Invocations
 12846 | Lair:3   | Noticed a queen ant
 12867 | Lair:3   | Killed a queen ant
 12868 | Lair:3   | Reached ****** piety under Uskayaw
 12880 | Lair:3   | Reached skill level 10 in Armour
 13637 | Lair:4   | Found a staircase to the Snake Pit.
 13650 | Lair:4   | Reached XP level 13. HP: 92/114 MP: 21/21
 13768 | Lair:4   | Noticed Sonja
 13780 | Lair:4   | Cast into level 1 of the Abyss (Sonja)
 13854 | Abyss:1  | Lost mutation: You are partially covered in thin metallic scales. (AC +2) [potion of mutation]
 13854 | Abyss:1  | Lost mutation: Your muscles are strong. (Str +2) [potion of mutation]
 13854 | Abyss:1  | Gained mutation: Your spells are a little harder to cast, but a little more powerful. [potion of mutation]
 13854 | Abyss:1  | Gained mutation: Your flesh is cold resistant. (rC+) [potion of mutation]
 13854 | Abyss:1  | Gained mutation: You are partially covered in rugged brown scales. (AC +1, +3% HP) [potion of mutation]
 13854 | Abyss:1  | Gained mutation: You are somewhat resistant to further mutation. [potion of mutation]
 14030 | Abyss:1  | Noticed a tentacled starspawn
 14044 | Abyss:1  | HP: 4/119 [large abomination (12)]
 14044 | Abyss:1  | Slain by an apocalypse crab

Skill      XL: |  1  2  3  4  5  6  7  8  9 10 11 12 13 |
---------------+----------------------------------------+-----
Axes           | 3 4 5 6 8 9 10 11 13 14 15 16 | 16.2
Invocations    | 1 3 5 7 8 10 11 | 11.1
Fighting       | 4 5 7 8 9 10 11 | 11.0
Dodging        | 1 2 3 4 5 7 |  7.2
Armour         | 4 6 7 8 10 | 10.4
Shields        | |  3.2

Action                   |  1- 3 |  4- 6 |  7- 9 | 10-12 | 13-15 || total
-------------------------+-------+-------+-------+-------+-------++-------
Melee: War axe           |   108 |   125 |   258 |   854 |    61 ||  1406
Invok: Line Pass         |       |       |     2 |     7 |       ||     9
       Stomp             |       |       |     1 |     1 |       ||     2
  Use: Potion            |     4 |     1 |     9 |     4 |     3 ||    21
       Scroll            |       |     8 |     1 |     5 |     2 ||    16
 Stab: Paralysed         |       |       |     4 |    84 |     5 ||    93
       Confused          |       |       |       |     5 |       ||     5
  Eat: Chunk             |     1 |     4 |    11 |    28 |     1 ||    45
Armor: Scale mail        |    42 |    26 |    38 |       |       ||   106
       Skin              |     1 |       |       |       |       ||     1
       Chain mail        |       |       |    51 |   320 |    40 ||   411
Dodge: Dodged            |    26 |    21 |    62 |   292 |    28 ||   429
Block: Shield            |    63 |    84 |    20 |       |       ||   167
       Other             |    11 |       |    52 |   123 |       ||   186
       Reflection        |       |     2 |     3 |    15 |     6 ||    26
       Buckler           |       |       |       |   158 |    21 ||   179
